 Dungeon Crawl Stone Soup version 0.25-a0-435-g4b9beb1024 (webtiles) character file.

Game seed: 16462562552560958169, levelgen mode: deterministic

15 Lugonue the Stinger (level 2, -5/19 HPs)
             Began as a Demonspawn Venom Mage on Jan 28, 2020.
             Slain by a gnoll
             ... wielding a +2 vampiric halberd
              (9 damage)
             ... on level 1 of the Dungeon.
             The game lasted 00:01:08 (265 turns).

Lugonue the Stinger (Demonspawn Venom Mage)          Turns: 265, Time: 00:01:09

Health: -5/19      AC:  2    Str:  8    XL:     2   Next: 34%
Magic:  1/5        EV: 12    Int: 16    God:
Gold:   59         SH:  0    Dex: 13    Spells: 4/5 levels left

rFire    . . .     SeeInvis .   (no weapon)
rCold    . . .     Gourm    .   (no shield)
rNeg     . . .     Faith    .   a - +0 robe
rPois    .         Spirit   .   (no helmet)
rElec    .         Reflect  .   (no cloak)
rCorr    .         Harm     .   (no gloves)
MR       .....                  (no boots)
Stlth    +++.......             (no amulet)
HPRegen  0.06/turn              (no ring)
MPRegen  0.09/turn              (no ring)

@: invisible
A: nightstalker 1
a: no special abilities


You were on level 1 of the Dungeon.
You were not hungry.

You visited 1 branch of the dungeon, and saw 1 of its levels.

You collected 59 gold pieces.

Inventory:

Armour
 a - a +0 robe (worn)
Potions
 d - a potion of ambrosia {unknown}
 e - a potion of lignification {unknown}
 f - a potion of curing {unknown}
Comestibles
 c - a ration


   Skills:
 + Level 2.0 Dodging
 + Level 1.7 Stealth
 + Level 0.1 Unarmed Combat
 + Level 2.4 Spellcasting
 + Level 0.9 Transmutations
 + Level 3.2 Poison Magic


You had 4 spell levels left.
You knew the following spells:

 Your Spells              Type           Power        Failure   Level  Hunger
a - Sting                 Tmut/Pois      #...         9%          1    #......

Your spell library contained the following spells:

 Spells                   Type           Power        Failure   Level  Hunger
 Poisonous Vapours        Pois/Air       #.....       16%         2    ###....
 Ignite Poison            Fire/Tmut/Pois #.......     32%         3    ###....
 Mephitic Cloud           Conj/Pois/Air  #.......     36%         3    ###....
 Olgreb's Toxic Radiance  Pois           ##......     45%         4    #####..


Dungeon Overview and Level Annotations

Branches:
Dungeon (1/15)

Altars:


Innate Abilities, Weirdness & Mutations

You are slightly more attuned to the shadows.


Message History

Confirm with . or Enter, or press ? or * to list all spells.
Aiming: Sting (safe; 9% risk of failure)
Press: ? - help, Shift-Dir - straight line, f - gnoll
Aim: a gnoll, wielding a +2 vampiric halberd The sting misses the gnoll.
The gnoll hits you from afar with a +2 vampiric halberd!
* * * LOW HITPOINT WARNING * * *
Casting: Sting (safe; 9% risk of failure)
Confirm with . or Enter, or press ? or * to list all spells.
Aiming: Sting (safe; 9% risk of failure)
Press: ? - help, Shift-Dir - straight line, f/p - gnoll
Aim: a gnoll, wielding a +2 vampiric halberd The sting misses the gnoll.
The gnoll misses you.
Okay, then.
You aren't carrying any scrolls.
Unknown command.
It was a potion of invisibility.
You fade into invisibility!
The gnoll hits you from afar with a +2 vampiric halberd!
You die...

#.# #..# #. #.# #..#
#. #.# #†.# #.
#.####..#######.
#...............
#.#.##..####.##.
#.#.##..# #.##.
######.#.##..## #.##.
#...@.........###.##.
#.####g####..........
#.# ###.#......
#...#####.#.#.##.
.g...........#.##.
#.#...####...##.#..
#.##.......#....#.. #
#######...##....
##.###.#..


You could see a gnoll.

Vanquished Creatures
  2 dart slugs (D:1)
  A giant cockroach (D:1)
  3 jackals (D:1)
  3 bats (D:1)
  A frilled lizard (D:1)
  2 rats (D:1)
12 creatures vanquished.

Notes
Turn   | Place    | Note
-------+----------+-------------------------------------------
     0 | D:1      | Lugonue the Demonspawn Venom Mage began the quest for the
                  | Orb.
     0 | D:1      | Reached XP level 1. HP: 13/13 MP: 3/3
   108 | D:1      | Gained mutation: You are slightly more attuned to the
                  | shadows. [demonic ancestry]
   108 | D:1      | Reached XP level 2. HP: 4/19 MP: 0/5
   265 | D:1      | Slain by a gnoll

Levels and vault maps discovered:
D:1:      dpeg_arrival_stonehenge_8_columns, layout_loops_ring

Skill      XL: |  1  2 |
---------------+-------+-----
Dodging        | 2 |  2.0
Stealth        | |  1.7
Unarmed Combat | |  0.1
Spellcasting   | |  2.4
Transmutations | |  0.9
Poison Magic   | |  3.2

Action                   || total
-------------------------++-------
Melee: Unarmed           ||    27
 Cast: Sting             ||    18
  Use: Potion            ||     1
 Stab: Sleeping          ||     1
Armor: Robe              ||    11
Dodge: Dodged            ||    24

Table legend:
 A = Non-vault XP
 B = Vault XP
 C = Vault XP percentage of total XP
 D = Non-vault monster count
 E = Vault monster count
 F = Vault count percentage of total count
                 A         B        C        D         E       F
            +---------+---------+-------+---------+---------+-------
      Total |      22 |       0 |   0.0 |      12 |       0 |   0.0
            +---------+---------+-------+---------+---------+-------
        D:1 |      22 |       0 |   0.0 |      12 |       0 |   0.0
            +---------+---------+-------+---------+---------+-------
